 Dungeon Sprint DCSS version 0.19.0-24-gb05acd6 (webtiles) character file.

79 igo the Skirmisher (level 4, -9/44 HPs)
             Began as a Ghoul Fighter on Nov 22, 2016.
             Mangled by a guardian mummy (25 damage)
             ... in the Dungeon (Sprint VII: "The Pits").
             The game lasted 00:01:30 (401 turns).

igo the Skirmisher (Ghoul Fighter)                   Turns: 401, Time: 00:01:30

Health: -9/44      AC:  7    Str: 19    XL:     4   Next: 37%
Magic:  3/3        EV:  7    Int:  3    God:
Gold:   0          SH:  9    Dex:  9    Spells: 0 memorised, 3 levels left

rFire  . . .     SeeInvis .       - Unarmed
rCold  + . .     Gourm    .     a - +0 scale mail
rNeg   + + +     Faith    .     b - +0 shield
rPois  ∞         Spirit   .     (no helmet)
rElec  .         Reflect  .     (no cloak)
rCorr  .         Harm     .     (no gloves)
MR     .....     NoTele   +     (no boots)
Stlth  ..........               (no amulet)
                                (no ring)
                                (no ring)

@: rotting
A: rotting body, claws 1, carnivore 3, cold resistance 1, negative energy
resistance 3, slow regeneration 1, torment resistance, unbreathing
a: no special abilities


You were in the Dungeon.
You were not hungry.

You visited 1 branch

Inventory:

Armour
 a - a +0 scale mail (worn)
 b - a +0 shield (worn)
Scrolls
 j - a scroll of blinking
Potions
 c - a potion of might
 e - a potion of curing
 f - a potion of heal wounds
 g - a potion of haste
 h - 2 potions of magic
 i - a potion of berserk rage
Comestibles
 d - a meat ration


   Skills:
 + Level 6.0 Fighting
 + Level 4.8 Armour
 + Level 4.6 Shields
 * Level 3.7 Unarmed Combat


You had 3 spell levels left.
You didn't know any spells.

Dungeon Overview and Level Annotations

Branches:
Dungeon (1/1)

Altars:

Annotations:
D Psyche


Innate Abilities, Weirdness & Mutations

Your body is rotting away.
You thrive on raw meat.
You are immune to poison.
You have sharp fingernails.
You are carnivorous and can eat meat at any time.
Your flesh is cold resistant. (rC+)
You are immune to negative energy. (rN+++)
You regenerate slowly when monsters are visible.
You are immune to unholy pain and torment.
You can survive without breathing.


Message History

A hellwing comes into view.
The hellwing gives a chilling moan.
A puff of flame appears from out of thin air!
The puff of flame hits something.
Something hits you but does no damage.
You scratch the guardian mummy.
The guardian mummy is lightly damaged.
You block the guardian mummy's attack.
You hear some strange, mumbled words.
A puff of frost appears from out of thin air!
The puff of frost hits you! You resist.
Unknown command.
You closely miss the hellwing. The hellwing hits you.
The hellwing hits you but does no damage.
You block the guardian mummy's attack.
You scratch the hellwing but do no damage.
You block the hellwing's attack. The hellwing barely misses you.
The orc warrior barely misses you. The guardian mummy hits you!!
Ouch! That really hurt!
You die...

.........o{4....#
#####t'##########
#####''##########
............##..#
..#..#......##..#
.........Yt.''4.#
............'o..########
..#.)#......##.o.4......
............##.Y@M......
#####''#################
...##''#####
...##......#
...##....### ...##...##
...##..## ...##o.#
...##..#


You could see 2 elephants, a hellwing, a guardian mummy, a red devil, 2 orc
warriors and a crocodile.

Vanquished Creatures
  An ogre (D)
  A frilled lizard (D)
2 creatures vanquished.

Notes
Turn   | Place    | Note
-------+----------+-------------------------------------------
     0 | D        | igo the Ghoul Fighter began the quest for the Orb.
     0 | D        | Reached XP level 1. HP: 19/19 MP: 0/0
    10 | D        | Noticed an ogre
    25 | D        | Killed an ogre
    25 | D        | Reached skill level 6 in Fighting
    25 | D        | Reached XP level 2. HP: 9/30 MP: 1/1
    25 | D        | Reached XP level 3. HP: 11/37 MP: 2/2
    25 | D        | Reached XP level 4. HP: 14/44 MP: 3/3
   320 | D        | Noticed an orc warrior
   321 | D        | Noticed a red devil
   321 | D        | Noticed an orc warrior
   322 | D        | Noticed a troll
   376 | D        | Noticed Psyche
   376 | D        | Noticed an elephant
   376 | D        | Noticed an elephant
   378 | D        | Noticed an elephant
   379 | D        | Noticed a crocodile
   395 | D        | Noticed a guardian mummy
   396 | D        | Noticed a hellwing
   401 | D        | Mangled by a guardian mummy

Skill      XL: |  1 |
---------------+----+-----
Fighting       | 6 |  6.0
Armour         | 4 |  4.8
Shields        | 4 |  4.6
Unarmed Combat | 3 |  3.7

Action                   |  1- 3 |  4- 6 || total
-------------------------+-------+-------++-------
Melee: Unarmed           |    10 |    11 ||    21
  Eat: Chunk             |       |     1 ||     1
Armor: Scale mail        |     3 |     5 ||     8
Dodge: Dodged            |     3 |     3 ||     6
Block: Shield            |     7 |     6 ||    13
